 Dungeon Crawl Stone Soup version 0.29.1-2-gbd0b4ee654 (webtiles) character file.

Game seed: 364409127942635533

2 JJisdabomb the Trooper (level 1, 0/18 HPs)
             Began as a Demonspawn Fighter on Nov 28, 2022.
             Slain by a ball python (1 damage)
             ... on level 1 of the Dungeon.
             The game lasted 00:00:32 (42 turns).

JJisdabomb the Trooper (Demonspawn Fighter)           Turns: 42, Time: 00:00:32

Health: 0/18       AC:  6    Str: 16    XL:     1   Next: 33%
Magic:  1/1        EV:  8    Int:  9    God:
Gold:   0          SH:  4    Dex: 12    Spells: 0/0 levels left

rFire   . . .      SeeInvis .   a - +0 long sword
rCold   . . .      Faith    .   d - +0 buckler
rNeg    . . .      Spirit   .   c - +0 scale mail
rPois   .          Reflect  .   (no helmet)
rElec   .          Harm     .   (no cloak)
rCorr   .          Rampage  .   (no gloves)
Will    .....                   (no boots)
Stlth   ..........              (no amulet)
HPRegen 0.06/turn               (no ring)
MPRegen 0.07/turn               (no ring)

@: no status effects
A: no striking features
a: no special abilities


You were on level 1 of the Dungeon.
You visited 1 branch of the dungeon, and saw 1 of its levels.

Inventory:

Hand Weapons
 a - a +0 long sword (weapon)
Armour
 c - a +0 scale mail (worn)
 d - a +0 buckler (worn)
Potions
 e - a potion of might


   Skills:
 + Level 3.0 Fighting
 * Level 1.9 Long Blades
 + Level 2.7 Armour
 + Level 2.7 Shields


You couldn't memorise any spells.
You didn't know any spells.
Your spell library was empty.

Dungeon Overview and Level Annotations

Branches:
Dungeon (1/15)

Altars:


Message History

The bat hits you but does no damage. The bat hits you.
* * * LOW HITPOINT WARNING * * *
The bat attacks as you move away! The bat closely misses you.
The bat hits you but does no damage.
The rat twitches its whiskers.
The bat hits you but does no damage.
You slash the bat!
You kill the bat!
The goblin closely misses you. The goblin hits you with a +0 dagger.
* * * LOW HITPOINT WARNING * * *
You see here a bat corpse.
The ball python attacks as you move away!
The ball python bites you.
* * * LOW HITPOINT WARNING * * *
The goblin attacks as you move away! The goblin hits you but does no damage.
A bat comes into view.
The ball python attacks as you move away!
The ball python bites you but does no damage.
The bat hits you but does no damage.
You closely miss the bat. The bat closely misses you.
The ball python bites you but does no damage.
The ball python barely misses you. The bat hits you but does no damage.
The ball python bites you but does no damage.
The ball python completely misses you.
You barely miss the bat. The bat barely misses you.
The ball python bites you but does no damage.
The ball python misses you. The ball python closely misses you.
The ball python barely misses you. The goblin hits you but does no damage.
The ball python attacks as you move away!
The ball python closely misses you. You block the ball python's attack.
The bat hits you but does no damage. The goblin closely misses you.
The goblin attacks as you move away! The goblin hits you but does no damage.
The ball python attacks as you move away!
The ball python barely misses you. x2; You block the bat's attack.
The bat hits you but does no damage.
The ball python attacks as you move away!
The ball python bites you but does no damage.
The bat hits you but does no damage. The ball python bites you.
You die...

..............#
............)..### ....
................. #....
................. ......
#....#..##.......
......##...##...'.......
............
##.†##......
............###...#
.....
........#.b@##....# ....
........#.S###...## ..$
.........gK##....# ..
#.........###.<.## #
#......gr.##>...#
.........####g.##
##.##..###.r..##.. #
###..K.........
#.g.......#...


You could see a hobgoblin, a goblin, a bat, a ball python, a kobold and a rat.

Vanquished Creatures
  A ball python (D:1)
  A bat (D:1)
  A rat (D:1)
3 creatures vanquished.

Notes
Turn   | Place    | Note
-------+----------+-------------------------------------------
     0 | D:1      | JJisdabomb the Demonspawn Fighter began the quest for the
                  | Orb.
     0 | D:1      | Reached XP level 1. HP: 18/18 MP: 1/1
    42 | D:1      | Slain by a ball python

Illustrated notes

Levels and vault maps discovered:
D:1:      dpeg_arrival_long_road, layout_rooms

Action                   || total
-------------------------++-------
Melee: Long sword        ||    11
Armor: Scale mail        ||    40
Dodge: Dodged            ||    20
Block: Buckler           ||     9
